Map: Dusk Towers

Players

LilDicky

  • Race: Terran Terran
  • League: Diamond

YONE - Winner!

  • Race: Terran Terran
  • League: Diamond

VOD

http://www.twitch.tv/tumescentpie

Description

Time

  • Played on: Dec. 8, 2015, 5:41 a.m.
  • Length: 4:47
Show
View Real Time Build Order
Export as new Build Order

LilDicky Terran 

Build Orders:  

Get SALT Encoding   

  12  0:02  SCV  
  13  0:14  SCV  
  13  0:19  Supply Depot  
  14  0:26  SCV  
  14  0:28  Refinery  
  15  0:40  SCV  
  16  0:45  Barracks  
  16  0:52  SCV  
  17  1:04  SCV  
  18  1:16  SCV  
  19  1:33  Reaper  
  19  1:34  Orbital Command  
  20  1:42  Refinery  
  20  1:55  Supply Depot  
  20  2:00  SCV  
  21  2:05  Marine  
  22  2:21  Factory  
  22  2:23  Marine  
  22  2:24  SCV  
  24  2:30  Supply Depot  
  24  2:36  SCV  
  25  2:43  Marine  
  25  2:48  SCV  
  26  3:01  Marine  
  27  3:06  Factory Tech Lab  
  27  3:09  SCV, Starport  
  28  3:19  Marine  
  29  3:20  Command Center  
  29  3:21  SCV  
  30  3:34  SCV  
  31  3:41  Supply Depot, Marine  
  35  3:46  SCV  
  33  3:54  Banshee  
  36  3:57  Factory Tech Lab  
  36  3:58  SCV  
  36  3:59  Refinery  
  37  4:03  Supply Depot  
  37  4:07  Marine  
  38  4:10  SCV  
  39  4:24  SCV, Marine  
Show
View Real Time Build Order
Export as new Build Order

YONE Terran - Winner!

Build Orders:  

Get SALT Encoding   

  12  0:01  SCV  
  13  0:13  SCV  
  14  0:17  Supply Depot  
  14  0:25  SCV  
  15  0:28  Refinery  
  15  0:39  SCV  
  16  0:45  Barracks  
  16  0:51  SCV  
  17  1:03  SCV  
  18  1:15  SCV  
  19  1:33  Orbital Command  
  19  1:37  Factory  
  19  1:38  Marine  
  20  1:41  Supply Depot  
  20  1:56  Marine  
  20  2:00  SCV  
  21  2:04  Refinery  
  21  2:09  Supply Depot  
  21  2:12  SCV  
  21  2:14  Marine  
  23  2:24  Armory, Factory Tech Lab  
  23  2:26  SCV  
  24  2:32  Marine  
  25  2:46  Widow Mine  
  25  2:48  SCV  
  25  2:50  Marine  
  29  2:55  Supply Depot  
  29  3:00  SCV  
  30  3:07  Marine  
  30  3:12  SCV  
  32  3:13  Supply Depot  
  32  3:15  Thor  
  38  3:25  Marine  
  39  3:27  SCV  
  40  3:39  SCV  
  41  3:42  Engineering Bay  
  41  3:43  Marine  
  42  3:54  SCV  
  43  3:58  Thor  
  49  4:02  Marine  
  49  4:06  SCV  
  51  4:11  Supply Depot  
Tags
 
Add a new tag
Caveats
  • Supply blocks, unpowered buildings, or Contaminate may cause inaccurate times.
  • Supply counts are checked every 10 seconds.